 Dungeon Crawl Stone Soup version 0.28-a0-2-g643f2454ad (webtiles) character file.

Game seed: 7196016695167191110

103 Spectrina the Sneak (level 5, -2/40 HPs)
             Began as a Djinni Delver on July 22, 2021.
             Shot with an arrow by a centaur (13 damage)
             ... on level 5 of the Dungeon.
             The game lasted 00:04:07 (516 turns).

Spectrina the Sneak (Djinni Delver)                  Turns: 516, Time: 00:04:08

Health: -2/40      AC: 10    Str: 11    XL:     5   Next: 6%
Gold:   31         EV: 10    Int:  8    God:
                   SH:  0    Dex: 15

rFire   + . .      SeeInvis .   p - +0 shortbow
rCold   . . .      Faith    .   (shield currently unavailable)
rNeg    . . .      Spirit   .   g - +5 ring mail "Onust" {Fly Will+ Int-4}
rPois   ∞          Reflect  .   (no helmet)
rElec   .          Harm     .   (no cloak)
rCorr   .          Rampage  .   (no gloves)
Will    +....                   (boots unavailable)
Stlth   ++........              (no amulet)
HPRegen 0.13/turn               h - ring of ice
MPRegen 0.00/turn               (no ring)

@: flying
A: sickness immunity, fire resistance 2, cold vulnerability 1, float, innate
caster, hp casting, extra vitality 1
a: no special abilities


You were on level 5 of the Dungeon.
You visited 1 branch of the dungeon, and saw 2 of its levels.

You collected 31 gold pieces.

Inventory:

Hand Weapons
 p - a +0 shortbow (weapon)
Missiles
 l - 41 bolts
 m - 40 stones
 q - 19 arrows (quivered ammo)
Armour
 a - a +0 leather armour
 g - the +5 ring mail "Onust" (worn) {Fly Will+ Int-4}
   (You found it on level 4 of the Dungeon)

   Int:       It affects your intelligence (-4).
   Fly:       It grants you flight.
   Will:      It increases your willpower.
Jewellery
 h - a ring of ice (left hand)
 k - a ring of fire
Wands
 f - a wand of digging (3)
Scrolls
 b - a scroll of fog
 c - a scroll of magic mapping
 d - 3 scrolls of teleportation {unknown}
 i - a scroll of amnesia {unknown}
 n - a scroll of identify {unknown}
 o - 2 scrolls of noise {unknown}
Potions
 e - a potion of haste
 j - a potion of curing {unknown}


   Skills:
 - Level 3.0 Fighting
 - Level 2.1 Dodging
 - Level 4.1 Stealth
 - Level 2.0 Unarmed Combat
 * Level 3.1 Spellcasting


You had 7 spell levels left.
You knew the following spells:

 Your Spells              Type           Power      Damage    Failure   Level
a - Apportation           Tloc           12%        N/A       22%         1
p - Call Imp              Summ           6%         N/A       32%         2
Your spell library was empty.

Dungeon Overview and Level Annotations

Branches:
Dungeon (5/15)
 Temple: D:4-7

Altars:


Innate Abilities, Weirdness & Mutations

You are immune to sickness and miasma.
You are immune to poison.
Your flesh is very heat resistant. (rF++)
You are vulnerable to cold. (rC-)
You float through the air rather than walking.
You learn spells naturally, not from books.
Your magical power is your life essence.
You have superior vitality. (+4 HP)


Message History

There is an open door here.
There is an open door here.
There is a stone staircase leading up here.
You fly upwards.
There is a stone staircase leading down here.
Things that are here:
a +0 club; a goblin skeleton
Found a stone staircase leading down.
Found 10 gold pieces.
A giant cockroach comes into view.
There is a stone staircase leading down here.
Fire: 20 arrows
Press: ? - help, Q - select action, (/) - cycle Shift-Dir - straight line, f - giant cockroach
Aim: a giant cockroach (59% to hit)
You shoot an arrow.
The arrow closely misses the giant cockroach.
Unknown command.
Casting: Apportation (safe; 22% risk of failure)
Confirm with . or Enter, or press ? or * to list all spells.
A beastly little devil appears in a puff of frigid air.
The giant cockroach bites you but does no damage.
You swap places.
The giant cockroach misses your white imp.
Your white imp hits the giant cockroach.
Your white imp freezes the giant cockroach.
The giant cockroach dies!
You now have 31 gold pieces (gained 10).
You swap places.
There is a stone staircase leading down here.
You see here a giant cockroach corpse.
You fly downwards.
Your summoned ally is left behind.
An ice beast and a centaur come into view.
The centaur shouts!
The centaur wields a +0 shortbow.
The centaur shoots an arrow.
The arrow hits you!
The centaur shoots an arrow.
The arrow hits you.
* * * LOW HITPOINT WARNING * * *
An orc comes into view. It is wielding a +0 whip.
There is a stone staircase leading up here.
The centaur shoots an arrow.
The arrow hits you!
You die...

#####
#....######..
#............
#....@.c..Y..
#..........##
#..........#
#....#######
#.... #....
..... .....o
# #


You could see an ice beast, a centaur and an orc.

Vanquished Creatures
  A centaur (D:5)
  An adder (D:4)
  A dart slug (D:5)
  A hobgoblin (D:4)
  7 goblins (D:4)
11 creatures vanquished.

Vanquished Creatures (collateral kills)
  A giant cockroach (D:4)
1 creature vanquished.

Grand Total: 12 creatures vanquished

Notes
Turn   | Place    | Note
-------+----------+-------------------------------------------
     0 | D:5      | Spectrina the Djinni Delver began the quest for the Orb.
     0 | D:5      | Reached XP level 1. HP: 20/20 MP: 0/0
    21 | D:5      | Noticed an orc warrior
    21 | D:5      | Noticed an orc priest
    53 | D:4      | Reached skill level 1 in Spellcasting
    53 | D:4      | Reached XP level 2. HP: 17/25 MP: 0/0
    64 | D:4      | Identified the +5 ring mail "Onust" {Fly Will+ Int-4}
   115 | D:4      | Noticed a water moccasin
   341 | D:5      | Reached XP level 3. HP: 24/30 MP: 0/0
   341 | D:5      | Learned a level 1 spell: Apportation
   382 | D:5      | Noticed a centaur
   407 | D:5      | Killed a centaur
   408 | D:5      | Reached XP level 4. HP: 15/35 MP: 0/0
   408 | D:5      | Reached XP level 5. HP: 17/40 MP: 0/0
   408 | D:5      | Learned a level 2 spell: Call Imp
   515 | D:5      | Noticed an ice beast
   515 | D:5      | Noticed a centaur
   516 | D:5      | Shot with an arrow by a centaur

Illustrated notes

Levels and vault maps discovered:
D:4:      kennysheep_the_goblin_king, layout_basic, serial_shops,
          nicolae_square_shop, chequers_serial_rivers_micro_e
D:5:      layout_gridville, uniq_grinder, uniq_crazy_yiuf_cottage

Skill      XL: |  1  2  3 |
---------------+----------+-----
Spellcasting   | 1 3 |  3.1
Fighting       | |  3.0
Dodging        | |  2.1
Stealth        | |  4.1
Unarmed Combat | |  2.0

Action                   |  1- 3 |  4- 6 || total
-------------------------+-------+-------++-------
Melee: Unarmed           |    77 |       ||    77
 Fire: Shortbow          |       |     1 ||     1
 Cast: Apportation       |     1 |       ||     1
       Call Imp          |       |     1 ||     1
  Use: Scroll            |     1 |       ||     1
Armor: Leather armour    |     2 |       ||     2
       Ring mail         |    43 |     1 ||    44
Dodge: Dodged            |    44 |       ||    44

Table legend: (Time is in decaauts)
 A = Elapsed time spent in this place.
 B = Non-inter-level travel time spent in this place.
 C = Inter-level travel time spent in this place.
 D = Time resting spent in this place.
 E = Time spent auto-exploring this place.
 F = Levels seen in this place.
 G = Mean time per level.
                   A        B        C        D        E       F      G
               +--------+--------+--------+--------+--------+-----+--------+
         Total |    513 |    513 |      0 |      0 |      0 |   2 |  256.5 |
       Dungeon |    513 |    513 |      0 |      0 |      0 |   2 |  256.5 |
               +--------+--------+--------+--------+--------+-----+--------+

Top non-repeatable levels by time:
     D:4: 351 daAuts
     D:5: 162 daAuts
